Map: Catalyst LE

Players

Hjax

  • Race: Protoss Protoss
  • Spawn Location: 11:00

Nice - Winner!

  • Race: Protoss Protoss
  • Spawn Location: 5:00

Event: WCS Austin 2018

VOD

Have the link to the VOD?

Description

Time

  • Played on: June 1, 2018, 3:23 p.m.
  • Length: 6:47

All games in this series

Show
View Real Time Build Order
Export as new Build Order

Hjax Protoss 

Build Orders:  

Get SALT Encoding   

  12  0:00  Probe  
  13  0:12  Probe  
  14  0:17  Pylon  
  14  0:24  Probe  
  15  0:34  Probe  
  15  0:35  Gateway  
  16  0:43  Probe  
  16  0:44  Assimilator  
  17  0:54  Probe  
  18  0:57  Assimilator  
  18  1:02  Probe  
  18  1:10  Gateway, Probe  
  20  1:21  Probe  
  21  1:25  Cybernetics Core  
  21  1:33  Probe  
  21  1:36  Pylon  
  22  1:45  Probe, Warp Gate  
  23  1:58  Probe  
  24  2:03  Stalker x2  
  28  2:10  Probe  
  29  2:19  Pylon  
  29  2:31  Pylon  
  29  2:33  Stalker  
  31  2:37  Stalker  
  33  3:09  Pylon  
  33  3:12  Stalker x2  
  37  3:27  Nexus  
  37  3:49  Shield Battery  
  33  4:02  Stalker x2  
  35  4:04  Probe  
  35  4:06  Twilight Council  
  38  4:18  Blink  
  38  4:27  Stalker x2, Shield Battery  
  42  4:39  Probe  
  42  4:41  Probe  
  44  4:50  Shield Battery  
  45  4:58  Adept  
  38  5:11  Stalker  
  38  5:21  Stalker  
  34  5:34  Stalker  
  34  5:45  Adept  
  35  5:58  Stalker  
  35  6:01  Gateway  
  37  6:04  Gateway  
  37  6:07  Stalker  
  37  6:08  Gateway  
  35  6:22  Stalker  
  28  6:39  Stalker  
Show
View Real Time Build Order
Export as new Build Order

Nice Protoss - Winner!

Build Orders:  

Get SALT Encoding   

  12  0:00  Probe  
  13  0:13  Probe  
  14  0:17  Pylon  
  14  0:24  Probe  
  15  0:32  Probe  
  15  0:40  Gateway, Probe  
  16  0:47  Assimilator  
  17  0:51  Probe  
  17  0:55  Assimilator  
  18  1:00  Probe  
  19  1:08  Probe  
  19  1:10  Gateway  
  19  1:17  Probe  
  21  1:27  Cybernetics Core  
  21  1:29  Probe  
  22  1:38  Pylon  
  22  1:42  Probe  
  22  1:44  Warp Gate  
  23  1:56  Probe  
  24  2:04  Stalker x2  
  28  2:14  Pylon  
  28  2:34  Stalker x2  
  32  2:40  Gateway  
  32  3:03  Stalker  
  32  3:04  Stalker  
  36  3:14  Pylon  
  36  3:22  Shield Battery  
  36  3:41  Pylon  
  34  3:58  Probe  
  34  3:59  Stalker x3  
  39  4:22  Nexus  
  39  4:27  Adept x3  
  45  4:41  Stargate, Probe  
  46  4:53  Probe  
  46  4:54  Pylon  
  39  5:10  Stalker  
  39  5:11  Stalker  
  43  5:16  Oracle  
  40  5:44  Stalker  
  40  5:45  Stalker x2  
  40  5:46  Oracle  
  40  5:48  Probe x2  
  49  6:03  Robotics Facility  
  49  6:06  Probe  
  50  6:19  Stalker x2  
Tags
 
Add a new tag
Caveats
  • Supply blocks, unpowered buildings, or Contaminate may cause inaccurate times.
  • Supply counts are checked every 10 seconds.